 Dungeon Crawl Stone Soup version 0.28-a0-863-g8cecda6153 (webtiles) character file.

Game seed: 12984739257782082661

56 gigimoi the Chopper (level 3, 0/33 HPs)
             Began as a Hill Orc Monk on Nov 18, 2021.
             Succumbed to an adder's poison
             ... on level 2 of the Dungeon.
             The game lasted 00:04:54 (1865 turns).

gigimoi the Chopper (Hill Orc Monk)                 Turns: 1865, Time: 00:04:54

Health: 0/33       AC:  2    Str: 14    XL:     3   Next: 97%
Magic:  3/3        EV: 12    Int: 10    God:
Gold:   64         SH:  0    Dex: 13    Spells: 2/2 levels left

rFire   . . .      SeeInvis .   a - +0 hand axe
rCold   . . .      Faith    .   (no shield)
rNeg    . . .      Spirit   .   b - +0 robe
rPois   .          Reflect  .   (no helmet)
rElec   .          Harm     .   (no cloak)
rCorr   .          Rampage  .   (no gloves)
Will    .....                   (no boots)
Stlth   ++........              (no amulet)
HPRegen 0.11/turn               (no ring)
MPRegen 0.08/turn               (no ring)

@: lethally poisoned (0 -> -13)
A: no striking features
a: no special abilities


You were on level 2 of the Dungeon.
You visited 1 branch of the dungeon, and saw 3 of its levels.

You collected 64 gold pieces.

Inventory:

Hand Weapons
 a - a +0 hand axe (weapon)
Armour
 b - a +0 robe (worn)
Wands
 c - a wand of acid (7)


   Skills:
 + Level 4.2 Fighting
 + Level 4.6 Axes
 + Level 1.6 Armour
 - Level 2.4 Dodging
 + Level 2.2 Stealth


You had 2 spell levels left.
You didn't know any spells.
Your spell library contained the following spells:

 Spells                   Type           Power      Damage    Failure   Level
 Sublimation of Blood     Necr           0%         N/A       50%         2
 Wereblood                Tmut           0%         N/A       50%         2
 Summon Hydra             Summ           0%         N/A       100%        7


Dungeon Overview and Level Annotations

Branches:
Dungeon (3/15)

Altars:


Message History

The adder is lightly wounded.
The adder misses you.
You miss the adder.
The adder is lightly wounded.
The adder barely misses you.
You hit the adder.
The adder is severely wounded.
The adder bites you but does no damage. The adder bites you.
You hit the adder.
You kill the adder!
You hit the adder.
The adder is lightly wounded.
The adder closely misses you. The adder barely misses you.
You hit the adder but do no damage.
The adder is lightly wounded.
The adder bites you.
You barely miss the adder.
The adder is lightly wounded.
The adder bites you.
You are poisoned.
The adder poisons you! The adder closely misses you.
You hit the adder.
The adder is heavily wounded.
You feel sick. The adder bites you.
You are more poisoned.
The adder poisons you!
You barely miss the adder.
The adder is heavily wounded.
You feel sick. The adder bites you.
You are more poisoned.
The adder poisons you!
You miss the adder.
The adder is heavily wounded.
You feel very sick. The adder bites you.
* * * LOW HITPOINT WARNING * * *
You are more poisoned.
The adder poisons you! The adder bites you.
* * * LOW HITPOINT WARNING * * *
You die...

..
#..##.#..##########.#...
###.....#..# #.#.##
....##....# #...#
<...##.#)################
##..##.#.....#...........
#..##.#.###.#.##########
#...#.#.# #.#.##...#
#...#.#.# #.#.##.#.#
#.....#@# #.#....#.#
#..#..#.# #...#..#.#
#.....#S# ###.#..#.#
#....##.#S### #.#..#.#
##### #..S..# #....#.#
#...#+#####....#
#..>.....#######
###......# #..)...#


You could see an adder and 2 ball pythons.

Vanquished Creatures
  2 adders (D:2)
  A dart slug (D:2)
  7 ball pythons (D:1)
  2 bats
  An endoplasm (D:2)
  A giant cockroach (D:1)
  5 goblins
  6 hobgoblins (D:1)
  2 quokkas
  2 frilled lizards (D:1)
  4 kobolds
  A rat (D:2)
34 creatures vanquished.

Notes
Turn   | Place    | Note
-------+----------+-------------------------------------------
     0 | D:1      | gigimoi the Hill Orc Monk began the quest for the Orb.
     0 | D:1      | Reached XP level 1. HP: 19/19 MP: 1/1
   357 | D:1      | Reached XP level 2. HP: 27/27 MP: 2/2
   521 | D:1      | Reached skill level 1 in Armour
   757 | D:1      | Reached XP level 3. HP: 29/33 MP: 3/3
  1839 | D:2      | Found a faded altar of an unknown god.
  1865 | D:2      | Succumbed to an adder's poison

Illustrated notes

Levels and vault maps discovered:
D:1:      sevenhm_arrival_forest_fort_small_5, layout_basic
D:2:      layout_basic, nicolae_ecumenical_snake_handling
D:3:      layout_basic

Skill      XL: |  1  2 |
---------------+-------+-----
Armour         | 1 |  1.6
Stealth        | 2 |  2.2
Fighting       | 4 |  4.2
Axes           | |  4.6
Dodging        | |  2.4

Action                   || total
-------------------------++-------
Melee: Hand axe          ||   105
  Use: Scroll            ||     1
 Stab: Sleeping          ||     6
Armor: Robe              ||    13
Dodge: Dodged            ||    67

Table legend: (Time is in decaauts)
 A = Elapsed time spent in this place.
 B = Non-inter-level travel time spent in this place.
 C = Inter-level travel time spent in this place.
 D = Time resting spent in this place.
 E = Time spent auto-exploring this place.
 F = Levels seen in this place.
 G = Mean time per level.
                   A        B        C        D        E       F      G
               +--------+--------+--------+--------+--------+-----+--------+
         Total |   1878 |   1845 |     33 |    618 |    891 |   3 |  626.0 |
       Dungeon |   1878 |   1845 |     33 |    618 |    891 |   3 |  626.0 |
               +--------+--------+--------+--------+--------+-----+--------+

Top non-repeatable levels by time:
     D:1: 1047 daAuts
     D:2: 829 daAuts
     D:3: 1 daAuts
